2987 views
Uploaded 2020-03-17 19:39:29
Game version 1.32.2
26:45 long 4on4 ladder game on (8)Northshire_LV
Saved by BEARAND
2987 views
Uploaded 2020-03-17 19:39:29
Game version 1.32.2
26:45 long 4on4 ladder game on (8)Northshire_LV


90 units @ 9.5k
/ 0.6k
246 buildings @ 15k
/ 6.8k



| Scroll of Regeneration | 2 | 200 |
| Potion of Healing | 1 | 150 |
| Staff of Sanctuary | 2 | 500 |
| Staff of Teleportation | 3 | 450 |
| Boots of Speed | 2 | 500 |
| Orb of Corruption | 2 | 750 |
| total: | 12 | 2550g |
| Peasant | 21 | 1575 | / | 0 |
| total: | 21 | 1575g | / | 0w |
| Scout Tower | 117 | 3510 | / | 2340 |
| Arcane Tower | 2 | 140 | / | 100 |
| Guard Tower | 55 | 3850 | / | 2750 |
| Altar of Kings | 1 | 180 | / | 50 |
| Farm | 6 | 480 | / | 120 |
| Lumber Mill | 3 | 360 | / | 0 |
| Arcane Vault | 2 | 260 | / | 60 |
| Town Hall | 1 | 385 | / | 205 |
| Keep | 1 | 320 | / | 210 |
| Castle | 1 | 360 | / | 210 |
| total: | 130 | 5175g | / | 2775w |
| 0:01 | Peasant |
| 0:03 | Altar of Kings |
| 0:09 | Peasant |
| 0:16 | Farm |
| 0:17 | Peasant |
| 0:32 | Peasant |
| 0:48 | Peasant |
| 0:54 | Lumber Mill |
| 0:56 | Lumber Mill |
| 0:57 | Lumber Mill |
| 0:59 | Peasant |
| 1:25 | Scout Tower |
| 1:30 | Scout Tower |
| 1:31 | Peasant |
| 1:39 | Scout Tower |
| 1:40 | Peasant |
| 1:44 | Scout Tower |
| 1:51 | Peasant |
| 1:56 | Arcane Tower |
| 1:57 | Peasant |
| 1:59 | Arcane Tower |
| 2:12 | Farm |
| 2:13 | Improved Masonry |
| 2:18 | Scout Tower |
| 2:20 | Scout Tower |
| 2:20 | Scout Tower |
| 2:21 | Guard Tower |
| 2:23 | Guard Tower |
| 2:24 | Scout Tower |
| 2:40 | Scout Tower |
| 2:40 | Scout Tower |
| 2:41 | Scout Tower |
| 2:47 | Blizzard |
| 2:56 | Peasant |
| 2:58 | Guard Tower |
| 3:07 | Peasant |
| 3:09 | Guard Tower |
| 3:10 | Guard Tower |
| 3:39 | Peasant |
| 3:40 | Peasant |
| 3:48 | Scout Tower |
| 3:50 | Peasant |
| 3:53 | Guard Tower |
| 4:11 | Guard Tower |
| 4:18 | Scout Tower |
| 4:18 | Scout Tower |
| 4:22 | Guard Tower |
| 4:27 | Farm |
| 4:29 | Staff of Teleportation |
| 5:04 | Scout Tower |
| 5:05 | Scout Tower |
| 5:06 | Guard Tower |
| 5:08 | Scout Tower |
| 5:08 | Scout Tower |
| 5:25 | Brilliance Aura |
| 5:27 | Peasant |
| 5:28 | Peasant |
| 5:42 | Guard Tower |
| 5:51 | Guard Tower |
| 5:52 | Scout Tower |
| 5:53 | Scout Tower |
| 5:56 | Scout Tower |
| 5:57 | Scout Tower |
| 5:58 | Guard Tower |
| 5:59 | Peasant |
| 6:00 | Peasant |
| 6:43 | Keep |
| 6:45 | Guard Tower |
| 6:46 | Scout Tower |
| 6:46 | Guard Tower |
| 7:08 | Scout Tower |
| 7:09 | Scout Tower |
| 7:18 | Guard Tower |
| 7:21 | Scout Tower |
| 7:21 | Scout Tower |
| 7:36 | Scout Tower |
| 7:36 | Scout Tower |
| 7:37 | Scout Tower |
| 7:48 | Guard Tower |
| 7:49 | Scout Tower |
| 7:51 | Scout Tower |
| 7:51 | Scout Tower |
| 7:52 | Scout Tower |
| 7:52 | Scout Tower |
| 8:24 | Guard Tower |
| 8:25 | Scout Tower |
| 8:26 | Scout Tower |
| 8:31 | Guard Tower |
| 8:32 | Scout Tower |
| 8:33 | Scout Tower |
| 8:33 | Scout Tower |
| 8:34 | Scout Tower |
| 8:41 | Guard Tower |
| 8:42 | Guard Tower |
| 9:12 | Guard Tower |
| 9:12 | Guard Tower |
| 9:14 | Scout Tower |
| 9:14 | Scout Tower |
| 9:23 | Guard Tower |
| 9:23 | Scout Tower |
| 9:24 | Scout Tower |
| 9:25 | Scout Tower |
| 9:25 | Scout Tower |
| 9:27 | Scout Tower |
| 9:28 | Scout Tower |
| 9:29 | Scout Tower |
| 9:29 | Scout Tower |
| 9:35 | Advanced Masonry |
| 9:39 | Farm |
| 9:39 | Farm |
| 9:42 | Scroll of Regeneration |
| 10:30 | Guard Tower |
| 10:31 | Scout Tower |
| 10:32 | Scout Tower |
| 10:41 | Guard Tower |
| 10:42 | Guard Tower |
| 10:53 | Castle |
| 10:57 | Arcane Vault |
| 10:58 | Arcane Vault |
| 11:00 | Guard Tower |
| 11:01 | Scout Tower |
| 11:01 | Scout Tower |
| 11:02 | Scout Tower |
| 11:02 | Scout Tower |
| 11:05 | Guard Tower |
| 11:10 | Scout Tower |
| 11:10 | Scout Tower |
| 11:10 | Guard Tower |
| 11:26 | Improved Lumber Harvesting |
| 11:27 | Farm |
| 11:43 | Storm Bolt |
| 11:58 | Guard Tower |
| 12:12 | Guard Tower |
| 12:35 | Scroll of Regeneration |
| 12:36 | Potion of Healing |
| 12:50 | Scout Tower |
| 12:50 | Scout Tower |
| 12:50 | Scout Tower |
| 12:53 | Blizzard |
| 13:15 | Guard Tower |
| 13:19 | Scout Tower |
| 13:20 | Scout Tower |
| 13:20 | Scout Tower |
| 13:21 | Scout Tower |
| 13:34 | Scout Tower |
| 13:35 | Scout Tower |
| 13:35 | Scout Tower |
| 13:36 | Scout Tower |
| 13:40 | Scout Tower |
| 13:40 | Scout Tower |
| 13:41 | Scout Tower |
| 13:41 | Scout Tower |
| 13:47 | Imbued Masonry |
| 14:05 | Guard Tower |
| 14:07 | Scout Tower |
| 14:09 | Guard Tower |
| 14:10 | Guard Tower |
| 14:11 | Scout Tower |
| 14:12 | Scout Tower |
| 14:14 | Scout Tower |
| 14:15 | Scout Tower |
| 14:19 | Guard Tower |
| 14:25 | Scout Tower |
| 14:25 | Scout Tower |
| 14:26 | Scout Tower |
| 14:26 | Scout Tower |
| 14:27 | Guard Tower |
| 14:46 | Holy Light |
| 14:57 | Guard Tower |
| 14:58 | Guard Tower |
| 15:01 | Guard Tower |
| 15:05 | Scout Tower |
| 15:06 | Scout Tower |
| 15:06 | Scout Tower |
| 15:06 | Scout Tower |
| 15:15 | Staff of Teleportation |
| 15:27 | Guard Tower |
| 15:34 | Guard Tower |
| 15:37 | Guard Tower |
| 15:42 | Guard Tower |
| 15:45 | Scout Tower |
| 15:55 | Guard Tower |
| 16:16 | Guard Tower |
| 17:00 | Town Hall |
| 17:59 | Staff of Sanctuary |
| 18:01 | Staff of Sanctuary |
| 18:36 | Bash |
| 18:45 | Scout Tower |
| 18:50 | Guard Tower |
| 18:53 | Scout Tower |
| 19:06 | Guard Tower |
| 19:09 | Scout Tower |
| 19:09 | Scout Tower |
| 19:09 | Scout Tower |
| 19:10 | Scout Tower |
| 19:12 | Guard Tower |
| 19:13 | Scout Tower |
| 19:14 | Scout Tower |
| 19:37 | Peasant |
| 19:37 | Peasant |
| 19:41 | Divine Shield |
| 19:44 | Guard Tower |
| 19:46 | Scout Tower |
| 19:46 | Scout Tower |
| 19:46 | Scout Tower |
| 19:47 | Scout Tower |
| 21:17 | Guard Tower |
| 21:19 | Scout Tower |
| 21:20 | Scout Tower |
| 21:20 | Scout Tower |
| 21:21 | Scout Tower |
| 21:22 | Guard Tower |
| 21:23 | Scout Tower |
| 21:24 | Scout Tower |
| 21:24 | Scout Tower |
| 21:24 | Scout Tower |
| 22:24 | Storm Bolt |
| 22:43 | Guard Tower |
| 22:45 | Scout Tower |
| 22:45 | Scout Tower |
| 22:46 | Scout Tower |
| 22:47 | Scout Tower |
| 22:48 | Scout Tower |
| 22:49 | Guard Tower |
| 22:50 | Scout Tower |
| 22:51 | Scout Tower |
| 22:51 | Scout Tower |
| 22:51 | Scout Tower |
| 23:09 | Boots of Speed |
| 23:11 | Staff of Teleportation |
| 23:11 | Boots of Speed |
| 23:31 | Guard Tower |
| 23:42 | Orb of Corruption |
| 23:44 | Orb of Corruption |
| 24:12 | Brilliance Aura |
| 24:13 | Holy Light |
| Right click | 1692 |
| Select | 1035 |
| Select group | 338 |
| Build/train/purchase | 139 |
| Assign group | 110 |
| Chat | 82 |
| Use ability | 80 |
| Misc. action | 18 |
| Minimap ping | 6 |
| Item give/drop | 1 |
| Remove unit | 1 |



| Rod of Necromancy | 1 | 150 |
| Orb of Corruption | 3 | 1125 |
| Boots of Speed | 3 | 750 |
| Staff of Teleportation | 3 | 450 |
| Circlet of Nobility | 2 | 350 |
| Staff of Sanctuary | 3 | 750 |
| total: | 15 | 3575g |
| Acolyte | 7 | 525 | / | 0 |
| Ghoul | 11 | 1320 | / | 0 |
| Obsidian Statue | 4 | 800 | / | 140 |
| Goblin Zeppelin | 1 | 240 | / | 60 |
| total: | 23 | 2885g | / | 200w |
| Nerubian Tower | 2 | 200 | / | 40 |
| Crypt | 1 | 200 | / | 50 |
| Altar of Darkness | 1 | 180 | / | 50 |
| Ziggurat | 4 | 600 | / | 200 |
| Tomb of Relics | 2 | 260 | / | 60 |
| Graveyard | 1 | 215 | / | 0 |
| Slaughterhouse | 1 | 140 | / | 135 |
| Halls of the Dead | 1 | 320 | / | 210 |
| Black Citadel | 1 | 325 | / | 230 |
| total: | 10 | 1595g | / | 495w |
| 0:01 | Acolyte |
| 0:04 | Acolyte |
| 0:16 | Crypt |
| 0:28 | Altar of Darkness |
| 0:35 | Ziggurat |
| 0:47 | Tomb of Relics |
| 1:10 | Ziggurat |
| 1:22 | Ghoul |
| 1:43 | Ghoul |
| 1:55 | Graveyard |
| 2:03 | Ghoul |
| 2:27 | Ghoul |
| 2:39 | Acolyte |
| 2:54 | Death Coil |
| 2:55 | Rod of Necromancy |
| 2:57 | Ghoul |
| 3:13 | Acolyte |
| 3:39 | Ghoul |
| 3:40 | Acolyte |
| 3:51 | Acolyte |
| 3:55 | Ghoul |
| 4:05 | Ghoul |
| 4:16 | Ghoul |
| 4:24 | Unholy Aura |
| 4:47 | Ziggurat |
| 4:48 | Nerubian Tower |
| 5:46 | Halls of the Dead |
| 5:51 | Ghoul |
| 6:37 | Ghoul |
| 7:18 | Death Coil |
| 7:38 | Ziggurat |
| 7:47 | Boots of Speed |
| 7:48 | Staff of Teleportation |
| 8:12 | Black Citadel |
| 8:43 | Nerubian Tower |
| 9:15 | Slaughterhouse |
| 9:17 | Tomb of Relics |
| 9:26 | Frost Nova |
| 9:49 | Boots of Speed |
| 9:50 | Staff of Teleportation |
| 9:52 | Circlet of Nobility |
| 11:02 | Acolyte |
| 11:09 | Ghoul Frenzy |
| 11:31 | Obsidian Statue |
| 11:31 | Obsidian Statue |
| 11:47 | Staff of Sanctuary |
| 11:58 | Impale |
| 11:59 | Orb of Corruption |
| 12:15 | Orb of Corruption |
| 13:05 | Frost Armor |
| 13:10 | Boots of Speed |
| 13:10 | Staff of Teleportation |
| 13:13 | Circlet of Nobility |
| 14:13 | Staff of Sanctuary |
| 14:14 | Staff of Sanctuary |
| 15:56 | Goblin Zeppelin |
| 17:13 | Unholy Aura |
| 17:21 | Spiked Carapace |
| 17:53 | Frost Nova |
| 18:21 | Orb of Corruption |
| 21:10 | Obsidian Statue |
| 21:10 | Obsidian Statue |
| 23:53 | Impale |
| 24:10 | Frost Armor |
| 25:04 | Death Coil |
| Right click | 1502 |
| Select group | 825 |
| Assign group | 357 |
| Select | 314 |
| Resource trade | 102 |
| Use ability | 88 |
| Build/train/purchase | 75 |
| Misc. action | 55 |
| Item give/drop | 10 |
| Remove unit | 1 |
| Minimap ping | 1 |



| Potion of Healing | 10 | 1500 |
| Staff of Sanctuary | 4 | 1000 |
| Potion of Mana | 2 | 400 |
| Staff of Teleportation | 3 | 450 |
| Boots of Speed | 3 | 750 |
| Periapt of Vitality | 1 | 325 |
| Orb of Corruption | 2 | 750 |
| total: | 25 | 5175g |
| Peasant | 18 | 1350 | / | 0 |
| Priest | 2 | 270 | / | 20 |
| Dragonhawk Rider | 5 | 1000 | / | 150 |
| total: | 25 | 2620g | / | 170w |
| Scout Tower | 65 | 1950 | / | 1300 |
| Arcane Tower | 5 | 350 | / | 250 |
| Guard Tower | 65 | 4550 | / | 3250 |
| Altar of Kings | 1 | 180 | / | 50 |
| Farm | 5 | 400 | / | 100 |
| Lumber Mill | 1 | 120 | / | 0 |
| Arcane Vault | 2 | 260 | / | 60 |
| Town Hall | 1 | 385 | / | 205 |
| Blacksmith | 1 | 140 | / | 60 |
| Barracks | 1 | 160 | / | 60 |
| Arcane Sanctum | 1 | 150 | / | 140 |
| Gryphon Aviary | 2 | 280 | / | 300 |
| Keep | 2 | 640 | / | 420 |
| Castle | 1 | 360 | / | 210 |
| total: | 80 | 4025g | / | 2275w |
| 0:01 | Peasant |
| 0:06 | Altar of Kings |
| 0:13 | Peasant |
| 0:14 | Peasant |
| 0:18 | Farm |
| 0:22 | Scout Tower |
| 0:27 | Lumber Mill |
| 0:29 | Peasant |
| 0:51 | Peasant |
| 1:20 | Peasant |
| 1:22 | Peasant |
| 1:35 | Arcane Tower |
| 1:38 | Scout Tower |
| 1:46 | Scout Tower |
| 1:53 | Farm |
| 2:00 | Peasant |
| 2:00 | Peasant |
| 2:00 | Peasant |
| 2:02 | Peasant |
| 2:07 | Blizzard |
| 2:18 | Arcane Tower |
| 2:20 | Arcane Tower |
| 2:21 | Scout Tower |
| 2:22 | Scout Tower |
| 2:29 | Peasant |
| 2:29 | Peasant |
| 2:33 | Scout Tower |
| 2:36 | Scout Tower |
| 2:47 | Guard Tower |
| 2:48 | Guard Tower |
| 2:51 | Peasant |
| 3:01 | Scout Tower |
| 3:12 | Guard Tower |
| 3:13 | Scout Tower |
| 3:14 | Scout Tower |
| 3:16 | Guard Tower |
| 3:26 | Brilliance Aura |
| 3:46 | Staff of Teleportation |
| 3:46 | Boots of Speed |
| 4:01 | Keep |
| 4:03 | Improved Masonry |
| 4:19 | Guard Tower |
| 4:20 | Guard Tower |
| 4:21 | Scout Tower |
| 4:24 | Scout Tower |
| 4:44 | Farm |
| 4:44 | Farm |
| 4:49 | Guard Tower |
| 4:50 | Scout Tower |
| 4:53 | Guard Tower |
| 4:56 | Scout Tower |
| 5:11 | Scout Tower |
| 5:24 | Arcane Vault |
| 5:25 | Guard Tower |
| 5:44 | Guard Tower |
| 5:44 | Guard Tower |
| 5:46 | Scout Tower |
| 5:46 | Scout Tower |
| 5:47 | Scout Tower |
| 5:47 | Scout Tower |
| 5:47 | Scout Tower |
| 5:48 | Scout Tower |
| 5:51 | Scout Tower |
| 5:51 | Scout Tower |
| 5:52 | Scout Tower |
| 5:53 | Scout Tower |
| 5:53 | Scout Tower |
| 6:19 | Guard Tower |
| 6:22 | Scout Tower |
| 7:17 | Guard Tower |
| 7:18 | Guard Tower |
| 7:19 | Guard Tower |
| 7:20 | Advanced Masonry |
| 7:22 | Arcane Sanctum |
| 7:33 | Storm Bolt |
| 7:46 | Scout Tower |
| 7:46 | Scout Tower |
| 7:49 | Scout Tower |
| 7:50 | Scout Tower |
| 7:50 | Scout Tower |
| 7:51 | Scout Tower |
| 7:51 | Scout Tower |
| 8:09 | Guard Tower |
| 8:11 | Castle |
| 8:41 | Scout Tower |
| 8:41 | Scout Tower |
| 8:42 | Scout Tower |
| 8:44 | Magic Sentry |
| 8:45 | Priest |
| 9:13 | Boots of Speed |
| 9:13 | Staff of Teleportation |
| 9:27 | Guard Tower |
| 9:47 | Guard Tower |
| 9:47 | Guard Tower |
| 10:01 | Blizzard |
| 10:06 | Guard Tower |
| 10:06 | Guard Tower |
| 10:11 | Scout Tower |
| 10:11 | Scout Tower |
| 10:12 | Scout Tower |
| 10:12 | Scout Tower |
| 10:15 | Potion of Healing |
| 10:16 | Potion of Healing |
| 10:25 | Potion of Healing |
| 10:30 | Scout Tower |
| 10:31 | Scout Tower |
| 10:38 | Guard Tower |
| 10:40 | Scout Tower |
| 10:41 | Scout Tower |
| 10:41 | Scout Tower |
| 10:42 | Guard Tower |
| 11:08 | Guard Tower |
| 11:09 | Guard Tower |
| 11:10 | Guard Tower |
| 11:11 | Town Hall |
| 11:33 | Guard Tower |
| 11:34 | Scout Tower |
| 11:35 | Scout Tower |
| 12:02 | Bash |
| 12:25 | Potion of Healing |
| 12:28 | Potion of Healing |
| 12:28 | Potion of Healing |
| 12:33 | Holy Light |
| 12:35 | Guard Tower |
| 13:09 | Guard Tower |
| 13:09 | Guard Tower |
| 13:10 | Scout Tower |
| 13:10 | Scout Tower |
| 13:11 | Peasant |
| 13:11 | Peasant |
| 13:11 | Peasant |
| 13:20 | Brilliance Aura |
| 13:25 | Storm Bolt |
| 13:33 | Imbued Masonry |
| 13:42 | Arcane Vault |
| 13:49 | Staff of Sanctuary |
| 13:50 | Staff of Sanctuary |
| 14:04 | Scout Tower |
| 14:04 | Scout Tower |
| 14:06 | Peasant |
| 14:08 | Improved Lumber Harvesting |
| 14:20 | Priest |
| 14:27 | Scout Tower |
| 14:28 | Scout Tower |
| 14:28 | Scout Tower |
| 14:28 | Scout Tower |
| 14:29 | Potion of Healing |
| 14:50 | Orb of Corruption |
| 14:51 | Orb of Corruption |
| 15:10 | Potion of Healing |
| 15:13 | Boots of Speed |
| 15:14 | Staff of Teleportation |
| 15:36 | Priest Adept Training |
| 15:40 | Scout Tower |
| 15:40 | Scout Tower |
| 16:12 | Guard Tower |
| 16:13 | Scout Tower |
| 16:13 | Scout Tower |
| 16:13 | Scout Tower |
| 16:14 | Scout Tower |
| 16:16 | Guard Tower |
| 16:17 | Arcane Tower |
| 16:17 | Arcane Tower |
| 16:18 | Guard Tower |
| 16:18 | Guard Tower |
| 16:21 | Scout Tower |
| 16:22 | Scout Tower |
| 16:22 | Scout Tower |
| 16:28 | Guard Tower |
| 16:32 | Gryphon Aviary |
| 16:33 | Gryphon Aviary |
| 16:33 | Blacksmith |
| 16:35 | Barracks |
| 16:37 | Farm |
| 16:38 | Advanced Lumber Harvesting |
| 17:17 | Periapt of Vitality |
| 17:20 | Staff of Sanctuary |
| 17:20 | Potion of Mana |
| 17:21 | Potion of Healing |
| 18:25 | Guard Tower |
| 18:50 | Potion of Mana |
| 18:50 | Potion of Healing |
| 19:13 | Guard Tower |
| 19:16 | Iron Forged Swords |
| 19:16 | Studded Leather Armor |
| 19:17 | Animal War Training |
| 19:18 | Dragonhawk Rider |
| 19:53 | Dragonhawk Rider |
| 20:00 | Dragonhawk Rider |
| 20:01 | Dragonhawk Rider |
| 20:04 | Staff of Sanctuary |
| 20:35 | Divine Shield |
| 20:41 | Cloud |
| 21:08 | Blizzard |
| 21:09 | Bash |
| 22:12 | Steel Forged Swords |
| 22:12 | Reinforced Leather Armor |
| 22:58 | Dragonhawk Rider |
| 24:28 | Holy Light |
| 25:47 | Storm Bolt |
| Right click | 2714 |
| Select | 917 |
| Select group | 403 |
| Build/train/purchase | 258 |
| Chat | 152 |
| Use ability | 123 |
| Assign group | 18 |
| Misc. action | 18 |
| Minimap ping | 14 |
| Item give/drop | 5 |
| Esc | 4 |
| Remove unit | 1 |



| Orb of Corruption | 3 | 1125 |
| Potion of Mana | 1 | 200 |
| Boots of Speed | 3 | 750 |
| Circlet of Nobility | 2 | 350 |
| Staff of Teleportation | 3 | 450 |
| Staff of Sanctuary | 4 | 1000 |
| total: | 16 | 3875g |
| Acolyte | 13 | 975 | / | 0 |
| Ghoul | 4 | 480 | / | 0 |
| Obsidian Statue | 3 | 600 | / | 105 |
| Goblin Shredder | 1 | 375 | / | 100 |
| total: | 21 | 2430g | / | 205w |
| Nerubian Tower | 5 | 500 | / | 100 |
| Spirit Tower | 7 | 1015 | / | 280 |
| Crypt | 1 | 200 | / | 50 |
| Altar of Darkness | 1 | 180 | / | 50 |
| Ziggurat | 19 | 2850 | / | 950 |
| Necropolis | 2 | 450 | / | 0 |
| Graveyard | 1 | 215 | / | 0 |
| Tomb of Relics | 1 | 130 | / | 30 |
| Slaughterhouse | 1 | 140 | / | 135 |
| Halls of the Dead | 1 | 320 | / | 210 |
| Black Citadel | 2 | 650 | / | 460 |
| total: | 26 | 4165g | / | 1215w |
| 0:04 | Acolyte |
| 0:04 | Acolyte |
| 0:10 | Crypt |
| 0:13 | Altar of Darkness |
| 0:27 | Acolyte |
| 0:33 | Ziggurat |
| 1:13 | Ghoul |
| 1:21 | Necropolis |
| 1:27 | Ghoul |
| 1:37 | Nerubian Tower |
| 1:50 | Ghoul |
| 2:09 | Ghoul |
| 2:25 | Death Coil |
| 2:59 | Halls of the Dead |
| 4:20 | Graveyard |
| 4:28 | Ziggurat |
| 4:41 | Boots of Speed |
| 4:41 | Circlet of Nobility |
| 4:50 | Tomb of Relics |
| 5:37 | Unholy Aura |
| 6:00 | Staff of Teleportation |
| 6:19 | Black Citadel |
| 6:29 | Frost Nova |
| 6:40 | Ziggurat |
| 6:59 | Acolyte |
| 7:01 | Nerubian Tower |
| 7:55 | Boots of Speed |
| 8:17 | Acolyte |
| 8:28 | Slaughterhouse |
| 8:41 | Orb of Corruption |
| 8:58 | Acolyte |
| 8:58 | Acolyte |
| 8:58 | Acolyte |
| 9:46 | Ziggurat |
| 9:47 | Ziggurat |
| 10:23 | Acolyte |
| 10:23 | Acolyte |
| 10:23 | Acolyte |
| 10:24 | Acolyte |
| 10:24 | Acolyte |
| 10:31 | Death Coil |
| 10:32 | Frost Armor |
| 10:47 | Spirit Tower |
| 10:50 | Ziggurat |
| 10:52 | Ziggurat |
| 11:18 | Orb of Corruption |
| 12:01 | Obsidian Statue |
| 12:01 | Obsidian Statue |
| 12:20 | Nerubian Tower |
| 12:30 | Potion of Mana |
| 13:10 | Circlet of Nobility |
| 13:11 | Staff of Teleportation |
| 13:17 | Frost Nova |
| 14:26 | Ziggurat |
| 14:26 | Ziggurat |
| 14:28 | Spirit Tower |
| 14:30 | Ziggurat |
| 14:32 | Ziggurat |
| 14:33 | Ziggurat |
| 14:34 | Ziggurat |
| 14:34 | Ziggurat |
| 14:35 | Ziggurat |
| 14:43 | Carrion Swarm |
| 14:51 | Orb of Corruption |
| 15:12 | Ziggurat |
| 15:13 | Ziggurat |
| 15:13 | Ziggurat |
| 15:15 | Ziggurat |
| 15:27 | Nerubian Tower |
| 15:28 | Spirit Tower |
| 15:34 | Spirit Tower |
| 16:34 | Goblin Shredder |
| 16:39 | Spirit Tower |
| 16:51 | Nerubian Tower |
| 16:52 | Spirit Tower |
| 17:07 | Necropolis |
| 17:29 | Boots of Speed |
| 17:29 | Staff of Teleportation |
| 19:07 | Unholy Aura |
| 19:29 | Sleep |
| 20:33 | Frost Armor |
| 20:46 | Obsidian Statue |
| 22:04 | Staff of Sanctuary |
| 22:04 | Staff of Sanctuary |
| 22:07 | Staff of Sanctuary |
| 22:07 | Staff of Sanctuary |
| 23:49 | Carrion Swarm |
| 25:17 | Death Coil |
| 26:34 | Vampiric Aura |
| Right click | 2002 |
| Select group | 1529 |
| Select | 172 |
| Use ability | 138 |
| Build/train/purchase | 77 |
| Resource trade | 70 |
| Minimap ping | 16 |
| Item give/drop | 14 |
| Assign group | 12 |
| Misc. action | 7 |
| Chat | 7 |
| Esc | 2 |
260 units @ 36.2k
/ 5.8k
90 buildings @ 15.4k
/ 7.7k


| Lesser Clarity Potion | 3 | 210 |
| Orb of Venom | 1 | 325 |
| Potion of Healing | 1 | 150 |
| Staff of Preservation | 1 | 150 |
| Anti-magic Potion | 1 | 100 |
| Scroll of Healing | 1 | 250 |
| Scroll of Town Portal | 1 | 350 |
| Scroll of Protection | 1 | 150 |
| total: | 10 | 1685g |
| Wisp | 30 | 1800 | / | 0 |
| Archer | 8 | 1040 | / | 80 |
| Hippogryph | 2 | 320 | / | 40 |
| Chimaera | 7 | 2310 | / | 490 |
| Goblin Shredder | 1 | 375 | / | 100 |
| total: | 48 | 5845g | / | 710w |
| Ancient Protector | 3 | 405 | / | 240 |
| Altar of Elders | 1 | 180 | / | 50 |
| Moon Well | 7 | 1260 | / | 280 |
| Ancient of War | 2 | 300 | / | 120 |
| Ancient of Wonders | 1 | 90 | / | 30 |
| Tree of Life | 2 | 680 | / | 370 |
| Hunter's Hall | 1 | 210 | / | 100 |
| Ancient of Wind | 4 | 600 | / | 560 |
| Chimaera Roost | 4 | 560 | / | 760 |
| Tree of Ages | 1 | 320 | / | 180 |
| Tree of Eternity | 1 | 330 | / | 200 |
| total: | 25 | 4285g | / | 2510w |
| 0:02 | Wisp |
| 0:06 | Altar of Elders |
| 0:07 | Wisp |
| 0:18 | Moon Well |
| 0:23 | Wisp |
| 0:35 | Ancient of War |
| 0:38 | Wisp |
| 0:52 | Wisp |
| 0:52 | Wisp |
| 1:00 | Wisp |
| 1:15 | Wisp |
| 1:23 | Moon Well |
| 1:36 | Archer |
| 1:47 | Wisp |
| 1:56 | Ancient of Wonders |
| 2:07 | Force of Nature |
| 2:11 | Archer |
| 2:26 | Wisp |
| 2:52 | Tree of Life |
| 3:04 | Archer |
| 3:21 | Archer |
| 3:37 | Entangling Roots |
| 3:43 | Archer |
| 3:46 | Ancient of War |
| 3:54 | Lesser Clarity Potion |
| 3:58 | Lesser Clarity Potion |
| 4:15 | Archer |
| 4:40 | Tree of Ages |
| 4:54 | Moon Well |
| 5:16 | Hunter's Hall |
| 5:18 | Wisp |
| 5:24 | Wisp |
| 5:26 | Entangling Roots |
| 5:50 | Moon Well |
| 5:56 | Wisp |
| 5:59 | Lesser Clarity Potion |
| 6:18 | Archer |
| 6:20 | Ultravision |
| 7:00 | Archer |
| 7:02 | Wisp |
| 7:02 | Wisp |
| 7:02 | Wisp |
| 7:02 | Wisp |
| 7:05 | Wisp |
| 7:06 | Wisp |
| 7:06 | Wisp |
| 7:32 | Acid Bomb |
| 7:45 | Scroll of Healing |
| 7:45 | Scroll of Protection |
| 8:10 | Wisp |
| 8:10 | Wisp |
| 8:14 | Ancient of Wind |
| 8:49 | Ancient of Wind |
| 8:50 | Wisp |
| 8:50 | Wisp |
| 8:51 | Wisp |
| 8:51 | Wisp |
| 8:51 | Wisp |
| 8:51 | Wisp |
| 9:25 | Wisp |
| 9:25 | Wisp |
| 9:27 | Moon Well |
| 9:27 | Moon Well |
| 9:58 | Tree of Eternity |
| 10:01 | Goblin Shredder |
| 10:14 | Force of Nature |
| 11:14 | Strength of the Wild |
| 11:14 | Reinforced Hides |
| 11:41 | Nature's Blessing |
| 11:52 | Healing Spray |
| 12:20 | Well Spring |
| 12:20 | Improved Strength of the Wild |
| 12:25 | Chimaera Roost |
| 12:25 | Chimaera Roost |
| 12:26 | Chimaera Roost |
| 12:28 | Chimaera Roost |
| 12:32 | Tree of Life |
| 12:35 | Improved Bows |
| 12:35 | Marksmanship |
| 13:11 | Hippogryph |
| 13:21 | Ancient of Wind |
| 13:23 | Ancient of Wind |
| 13:54 | Chimaera |
| 13:57 | Hippogryph |
| 14:27 | Scroll of Town Portal |
| 14:28 | Orb of Venom |
| 14:43 | Improved Reinforced Hides |
| 15:02 | Potion of Healing |
| 15:04 | Staff of Preservation |
| 15:09 | Chimaera |
| 15:23 | Corrosive Breath |
| 15:52 | Advanced Strength of the Wild |
| 16:14 | Moon Well |
| 16:18 | Chimaera |
| 17:12 | Chimaera |
| 17:22 | Ancient Protector |
| 17:23 | Ancient Protector |
| 17:23 | Ancient Protector |
| 17:27 | Advanced Reinforced Hides |
| 18:10 | Chimaera |
| 18:52 | Anti-magic Potion |
| 19:12 | Chimaera |
| 20:28 | Entangling Roots |
| 20:40 | Chimaera |
| Right click | 1278 |
| Select group | 408 |
| Select | 387 |
| Build/train/purchase | 108 |
| Chat | 88 |
| Misc. action | 81 |
| Assign group | 77 |
| Use ability | 51 |
| Item give/drop | 12 |
| Minimap ping | 5 |
| Esc | 4 |

| Wisp | 21 | 1260 | / | 0 |
| Archer | 27 | 3510 | / | 270 |
| Huntress | 3 | 585 | / | 60 |
| Glaive Thrower | 6 | 1260 | / | 390 |
| Druid of the Claw | 2 | 510 | / | 160 |
| Chimaera | 2 | 660 | / | 140 |
| Hippogryph | 9 | 1440 | / | 180 |
| total: | 70 | 9225g | / | 1200w |
| Ancient of War | 2 | 300 | / | 120 |
| Moon Well | 8 | 1440 | / | 320 |
| Altar of Elders | 1 | 180 | / | 50 |
| Hunter's Hall | 1 | 210 | / | 100 |
| Tree of Life | 1 | 340 | / | 185 |
| Ancient of Lore | 1 | 155 | / | 145 |
| Ancient of Wind | 2 | 300 | / | 280 |
| Chimaera Roost | 1 | 140 | / | 190 |
| Tree of Ages | 1 | 320 | / | 180 |
| Tree of Eternity | 1 | 330 | / | 200 |
| total: | 17 | 3065g | / | 1390w |
| 0:05 | Wisp |
| 0:07 | Wisp |
| 0:09 | Wisp |
| 0:25 | Ancient of War |
| 0:35 | Wisp |
| 0:36 | Wisp |
| 0:55 | Moon Well |
| 1:03 | Wisp |
| 1:22 | Altar of Elders |
| 1:46 | Moon Well |
| 1:50 | Archer |
| 1:53 | Wisp |
| 1:54 | Wisp |
| 2:13 | Archer |
| 2:36 | Archer |
| 2:38 | Archer |
| 2:53 | Moon Well |
| 3:04 | Archer |
| 3:09 | Hunter's Hall |
| 3:21 | Archer |
| 3:49 | Archer |
| 3:51 | Archer |
| 3:57 | Force of Nature |
| 4:05 | Tree of Ages |
| 4:18 | Strength of the Moon |
| 4:56 | Huntress |
| 4:56 | Huntress |
| 5:16 | Moon Well |
| 5:29 | Moon Armor |
| 6:05 | Ultravision |
| 6:10 | Huntress |
| 6:15 | Moon Well |
| 6:43 | Glaive Thrower |
| 7:01 | Vorpal Blades |
| 7:03 | Improved Bows |
| 7:14 | Ancient of Lore |
| 8:36 | Glaive Thrower |
| 8:37 | Glaive Thrower |
| 8:38 | Glaive Thrower |
| 9:36 | Tree of Life |
| 9:39 | Entangling Roots |
| 10:07 | Ancient of War |
| 10:19 | Tree of Eternity |
| 11:20 | Archer |
| 11:20 | Archer |
| 11:21 | Archer |
| 11:21 | Archer |
| 11:22 | Archer |
| 11:22 | Archer |
| 11:52 | Entangling Roots |
| 12:58 | Wisp |
| 12:58 | Wisp |
| 12:58 | Wisp |
| 12:59 | Wisp |
| 12:59 | Wisp |
| 13:02 | Wisp |
| 13:02 | Wisp |
| 13:03 | Wisp |
| 13:03 | Wisp |
| 13:04 | Wisp |
| 13:06 | Improved Strength of the Moon |
| 13:08 | Glaive Thrower |
| 13:09 | Glaive Thrower |
| 13:13 | Archer |
| 13:13 | Archer |
| 14:22 | Druid of the Claw |
| 14:24 | Druid of the Claw Adept Training |
| 14:55 | Marksmanship |
| 14:56 | Archer |
| 14:57 | Archer |
| 14:57 | Archer |
| 14:58 | Archer |
| 15:52 | Chimaera Roost |
| 18:52 | Ancient of Wind |
| 18:59 | Ancient of Wind |
| 19:14 | Archer |
| 19:14 | Archer |
| 19:14 | Archer |
| 19:15 | Archer |
| 19:15 | Archer |
| 19:15 | Archer |
| 19:15 | Archer |
| 19:20 | Corrosive Breath |
| 19:21 | Chimaera |
| 19:22 | Chimaera |
| 19:50 | Druid of the Claw |
| 20:07 | Hippogryph |
| 20:08 | Hippogryph |
| 20:09 | Hippogryph |
| 20:10 | Hippogryph |
| 20:16 | Moon Well |
| 20:18 | Moon Well |
| 20:19 | Moon Well |
| 20:27 | Advanced Strength of the Moon |
| 20:38 | Wisp |
| 20:38 | Wisp |
| 20:39 | Wisp |
| 22:06 | Hippogryph |
| 22:08 | Hippogryph |
| 25:07 | Hippogryph |
| 25:07 | Hippogryph |
| 25:08 | Hippogryph |
| Right click | 587 |
| Select | 381 |
| Build/train/purchase | 96 |
| Use ability | 15 |
| Misc. action | 1 |

| Scroll of Town Portal | 1 | 350 |
| Potion of Lesser Invulnerability | 1 | 150 |
| total: | 2 | 500g |
| Wisp | 25 | 1500 | / | 0 |
| Archer | 6 | 780 | / | 60 |
| Glaive Thrower | 14 | 2940 | / | 910 |
| Goblin Shredder | 1 | 375 | / | 100 |
| total: | 46 | 5595g | / | 1070w |
| Ancient Protector | 3 | 405 | / | 240 |
| Altar of Elders | 1 | 180 | / | 50 |
| Moon Well | 7 | 1260 | / | 280 |
| Ancient of War | 4 | 600 | / | 240 |
| Hunter's Hall | 1 | 210 | / | 100 |
| Tree of Life | 1 | 340 | / | 185 |
| Ancient of Wonders | 1 | 90 | / | 30 |
| Ancient of Wind | 2 | 300 | / | 280 |
| Tree of Ages | 1 | 320 | / | 180 |
| total: | 20 | 3385g | / | 1405w |
| 0:08 | Wisp |
| 0:08 | Wisp |
| 0:08 | Wisp |
| 0:08 | Wisp |
| 0:08 | Wisp |
| 0:09 | Wisp |
| 0:09 | Wisp |
| 0:31 | Altar of Elders |
| 0:38 | Moon Well |
| 0:52 | Ancient of War |
| 0:56 | Wisp |
| 1:26 | Wisp |
| 1:26 | Wisp |
| 1:26 | Wisp |
| 1:27 | Wisp |
| 1:45 | Moon Well |
| 2:01 | Archer |
| 2:22 | Moon Well |
| 2:31 | Force of Nature |
| 2:42 | Archer |
| 2:43 | Archer |
| 2:46 | Wisp |
| 2:46 | Wisp |
| 2:46 | Wisp |
| 3:02 | Hunter's Hall |
| 3:09 | Archer |
| 3:27 | Archer |
| 4:18 | Tree of Ages |
| 4:19 | Strength of the Moon |
| 4:25 | Moon Well |
| 4:51 | Entangling Roots |
| 5:01 | Goblin Shredder |
| 5:11 | Archer |
| 6:17 | Force of Nature |
| 6:27 | Tree of Life |
| 6:35 | Ancient Protector |
| 6:37 | Ancient Protector |
| 6:38 | Ancient Protector |
| 6:46 | Ancient of Wind |
| 6:51 | Ancient of Wind |
| 7:46 | Glaive Thrower |
| 7:47 | Glaive Thrower |
| 8:06 | Ancient of War |
| 8:08 | Improved Strength of the Moon |
| 9:12 | Glaive Thrower |
| 9:17 | Glaive Thrower |
| 9:40 | Glaive Thrower |
| 9:42 | Wisp |
| 9:56 | Wisp |
| 9:56 | Wisp |
| 9:56 | Wisp |
| 9:58 | Wisp |
| 10:02 | Entangling Roots |
| 10:17 | Wisp |
| 10:20 | Moon Well |
| 10:40 | Glaive Thrower |
| 11:18 | Moon Well |
| 11:51 | Scroll of Town Portal |
| 11:53 | Potion of Lesser Invulnerability |
| 12:54 | Glaive Thrower |
| 12:54 | Glaive Thrower |
| 13:12 | Ancient of War |
| 13:21 | Glaive Thrower |
| 13:55 | Ultravision |
| 14:03 | Ancient of War |
| 14:21 | Glaive Thrower |
| 14:21 | Vorpal Blades |
| 14:23 | Glaive Thrower |
| 14:28 | Ancient of Wonders |
| 14:30 | Wisp |
| 14:30 | Wisp |
| 14:30 | Wisp |
| 14:30 | Wisp |
| 14:59 | Glaive Thrower |
| 15:17 | Glaive Thrower |
| 15:38 | Moon Well |
| 15:39 | Glaive Thrower |
| Select | 369 |
| Right click | 281 |
| Build/train/purchase | 68 |
| Use ability | 31 |
| Misc. action | 11 |
| Esc | 4 |
| Item give/drop | 2 |


| Scroll of Town Portal | 1 | 350 |
| total: | 1 | 350g |
| Wisp | 28 | 1680 | / | 0 |
| Archer | 12 | 1560 | / | 120 |
| Huntress | 4 | 780 | / | 80 |
| Glaive Thrower | 11 | 2310 | / | 715 |
| Chimaera | 13 | 4290 | / | 910 |
| Hippogryph | 21 | 3360 | / | 420 |
| Goblin Zeppelin | 2 | 480 | / | 120 |
| Goblin Sapper | 5 | 1075 | / | 500 |
| total: | 96 | 15535g | / | 2865w |
| Ancient Protector | 3 | 405 | / | 240 |
| Altar of Elders | 1 | 180 | / | 50 |
| Moon Well | 12 | 2160 | / | 480 |
| Ancient of War | 2 | 300 | / | 120 |
| Hunter's Hall | 1 | 210 | / | 100 |
| Tree of Life | 1 | 340 | / | 185 |
| Ancient of Wonders | 1 | 90 | / | 30 |
| Ancient of Wind | 2 | 300 | / | 280 |
| Chimaera Roost | 5 | 700 | / | 950 |
| Tree of Ages | 1 | 320 | / | 180 |
| Tree of Eternity | 1 | 330 | / | 200 |
| total: | 28 | 4685g | / | 2435w |
| 0:03 | Wisp |
| 0:03 | Wisp |
| 0:03 | Wisp |
| 0:03 | Wisp |
| 0:03 | Wisp |
| 0:23 | Altar of Elders |
| 0:35 | Moon Well |
| 0:44 | Wisp |
| 0:44 | Wisp |
| 0:44 | Wisp |
| 0:57 | Ancient of War |
| 1:03 | Wisp |
| 1:49 | Moon Well |
| 1:58 | Wisp |
| 1:58 | Wisp |
| 2:03 | Ancient of War |
| 2:21 | Moon Well |
| 2:53 | Searing Arrows |
| 2:58 | Hunter's Hall |
| 3:12 | Archer |
| 3:12 | Archer |
| 3:32 | Archer |
| 3:32 | Archer |
| 3:50 | Archer |
| 4:04 | Huntress |
| 4:29 | Glaive Thrower |
| 4:43 | Glaive Thrower |
| 5:03 | Huntress |
| 5:22 | Moon Well |
| 5:37 | Huntress |
| 5:46 | Trueshot Aura |
| 6:12 | Huntress |
| 6:27 | Glaive Thrower |
| 7:01 | Glaive Thrower |
| 8:04 | Trueshot Aura |
| 8:08 | Tree of Life |
| 8:19 | Glaive Thrower |
| 8:25 | Moon Well |
| 9:00 | Tree of Ages |
| 9:20 | Glaive Thrower |
| 10:30 | Glaive Thrower |
| 10:59 | Glaive Thrower |
| 11:28 | Glaive Thrower |
| 11:33 | Vorpal Blades |
| 11:35 | Strength of the Moon |
| 11:50 | Ancient of Wonders |
| 12:09 | Glaive Thrower |
| 12:13 | Wisp |
| 12:13 | Wisp |
| 12:16 | Wisp |
| 12:21 | Wisp |
| 12:27 | Wisp |
| 12:49 | Glaive Thrower |
| 13:02 | Scroll of Town Portal |
| 13:21 | Goblin Zeppelin |
| 15:40 | Goblin Sapper |
| 15:41 | Goblin Sapper |
| 15:41 | Goblin Sapper |
| 15:41 | Goblin Sapper |
| 15:41 | Goblin Sapper |
| 15:53 | Goblin Zeppelin |
| 16:02 | Tree of Eternity |
| 16:37 | Moon Well |
| 16:41 | Moon Well |
| 17:23 | Ancient Protector |
| 17:30 | Ancient Protector |
| 17:55 | Moon Well |
| 18:00 | Moon Well |
| 18:01 | Moon Well |
| 18:03 | Moon Well |
| 18:04 | Moon Well |
| 18:28 | Strength of the Wild |
| 18:29 | Reinforced Hides |
| 18:29 | Well Spring |
| 18:36 | Chimaera Roost |
| 18:38 | Chimaera Roost |
| 18:42 | Chimaera Roost |
| 18:52 | Chimaera Roost |
| 18:59 | Chimaera Roost |
| 19:26 | Thorns Aura |
| 19:31 | Wisp |
| 19:31 | Wisp |
| 19:31 | Wisp |
| 19:32 | Wisp |
| 20:08 | Ancient of Wind |
| 20:12 | Ancient of Wind |
| 20:15 | Corrosive Breath |
| 20:15 | Chimaera |
| 20:15 | Chimaera |
| 20:20 | Wisp |
| 20:20 | Wisp |
| 20:20 | Wisp |
| 20:41 | Wisp |
| 20:41 | Wisp |
| 20:42 | Wisp |
| 20:42 | Wisp |
| 20:42 | Wisp |
| 20:49 | Chimaera |
| 21:12 | Archer |
| 21:12 | Archer |
| 21:13 | Archer |
| 21:13 | Archer |
| 21:13 | Archer |
| 21:13 | Archer |
| 21:13 | Archer |
| 21:22 | Hippogryph |
| 21:23 | Hippogryph |
| 21:23 | Hippogryph |
| 21:23 | Hippogryph |
| 21:23 | Hippogryph |
| 21:23 | Hippogryph |
| 21:23 | Hippogryph |
| 21:28 | Ancient Protector |
| 21:31 | Chimaera |
| 21:52 | Hippogryph |
| 21:52 | Hippogryph |
| 21:52 | Hippogryph |
| 21:53 | Hippogryph |
| 22:14 | Chimaera |
| 22:15 | Chimaera |
| 22:35 | Hippogryph |
| 22:36 | Hippogryph |
| 22:36 | Hippogryph |
| 22:36 | Hippogryph |
| 22:36 | Hippogryph |
| 22:54 | Hippogryph |
| 22:54 | Hippogryph |
| 22:54 | Hippogryph |
| 23:14 | Improved Strength of the Wild |
| 23:29 | Hippogryph |
| 23:29 | Hippogryph |
| 23:39 | Chimaera |
| 24:00 | Searing Arrows |
| 24:21 | Improved Reinforced Hides |
| 24:59 | Chimaera |
| 25:17 | Chimaera |
| 25:17 | Chimaera |
| 25:18 | Chimaera |
| 25:53 | Chimaera |
| 26:35 | Chimaera |
| Right click | 492 |
| Select | 369 |
| Build/train/purchase | 122 |
| Use ability | 13 |
| Misc. action | 3 |
| Item give/drop | 3 |
| Remove unit | 1 |
⇛